 Dungeon Crawl Stone Soup version 0.25.0-8-gfd19cd77bd (console) character file.

Game seed: 14526352197414939081

1758 Garrluk the Basher (level 9, 0/80 HPs)
             Began as an Ogre Skald on June 16, 2020.
             Was a Follower of Cheibriados.
             Slain by a killer bee (8 damage)
             ... on level 8 of the Dungeon.
             The game lasted 00:22:18 (8220 turns).

Garrluk the Basher (Ogre Skald)                     Turns: 8220, Time: 00:22:18

Health: 0/80       AC: 12    Str: 19    XL:     9   Next: 6%
Magic:  9/12       EV: 10    Int: 23    God:    Cheibriados [*.....]
Gold:   404        SH:  0    Dex: 10    Spells: 1/12 levels left

rFire    . . .     SeeInvis .   B - +0 morningstar
rCold    x . .     Gourm    .   (no shield)
rNeg     + . .     Faith    .   m - +2 robe {rN+}
rPois    +         Spirit   .   (helmet restricted)
rElec    +         Reflect  .   C - +0 cloak
rCorr    +         Harm     .   (gloves unavailable)
MR       .....                  (boots unavailable)
Stlth    +.........             (no amulet)
HPRegen  0.23/turn              w - ring of poison resistance
MPRegen  0.13/turn              x - ring "Kaumun" {rElec rC- rCorr Int+4 Slay+3}

@: icy armour, singing (expiring), very slow
A: large, unfitting armour, tough skin 1
a: Bend Time, Renounce Religion


You were on level 8 of the Dungeon.
You worshipped Cheibriados.
Cheibriados was aware of your devotion.
You were hungry.

You visited 1 branch of the dungeon, and saw 8 of its levels.

You collected 404 gold pieces.

Inventory:

Hand Weapons
 h - a +0 whip
 u - a +0 giant club
 B - a +0 morningstar (weapon)
Missiles
 j - 8 javelins (quivered)
Armour
 m - a +2 robe of positive energy (worn)
 C - a +0 cloak (worn)
Jewellery
 w - a ring of poison resistance (left hand)
 x - the ring "Kaumun" (right hand) {rElec rC- rCorr Int+4 Slay+3}
   (You found it on level 5 of the Dungeon)

   [ring of resist corrosion]

   It affects your intelligence (+4).
   It affects your accuracy and damage with ranged weapons and melee attacks
   (+3).
   It makes you vulnerable to cold.
   It insulates you from electricity.
   It provides partial protection from all sources of acid and corrosion.
Wands
 l - a wand of flame (12)
 q - a wand of digging (5)
 r - a wand of polymorph (9)
Scrolls
 b - a scroll of blinking {unknown}
 c - 7 scrolls of identify
 g - a scroll of amnesia {unknown}
 i - a scroll of fear {unknown}
 n - 3 scrolls of remove curse {unknown}
 p - 2 scrolls of enchant weapon {unknown}
 v - a scroll of immolation {unknown}
 y - 2 scrolls of teleportation {unknown}
 D - 2 scrolls of magic mapping {unknown}
 E - a scroll of random uselessness {unknown}
 F - a scroll of brand weapon {unknown}
Potions
 e - 2 potions of cancellation {unknown}
 f - 2 potions of curing
 k - 3 potions of stabbing {unknown}
 o - 2 potions of flight {unknown}
 s - a potion of heal wounds {unknown}
 t - a potion of brilliance {unknown}
 z - a potion of magic {unknown}
 A - a potion of berserk rage {unknown}
Comestibles
 d - 13 rations


   Skills:
 - Level 2.6 Fighting
 * Level 8.5 Maces & Flails
 - Level 2.1 Dodging
 - Level 2.4 Spellcasting
 + Level 6.7 Charms


You had one spell level left.
You knew the following spells:

 Your Spells              Type           Power        Failure   Level  Hunger
a - Infusion              Chrm           ####         1%          1    None
b - Song of Slaying       Chrm           ####....     1%          2    ##.....
c - Shroud of Golubria    Chrm/Tloc      ###...       4%          2    ##.....
d - Spectral Weapon       Hex/Chrm       ###.....     10%         3    ###....
e - Ozocubu's Armour      Chrm/Ice       ###.....     10%         3    ###....

Your spell library contained the following spells:

 Spells                   Type           Power        Failure   Level  Hunger


Dungeon Overview and Level Annotations

Branches:
Dungeon (8/15)             Temple (0/1) D:7
   Lair: D:8-11

Altars:
Cheibriados
Dithmenos
Elyvilon
Fedhas
Nemelex Xobeh
Okawaru
Vehumet
Wu Jian
Zin
The Shining One

Shops:
D:4 (}[

Annotations:
D:4 exclusion: statue


Innate Abilities, Weirdness & Mutations

You are too large for most types of armour.
You have tough skin. (AC +1)


Message History

You closely miss the killer bee.
The killer bee is almost dead.
Your song is almost over.
The killer bee stings you.
* * * LOW HITPOINT WARNING * * *
The killer bee barely misses you.
The killer bee stings you but does no damage.
You barely miss the killer bee.
The killer bee is almost dead.
The killer bee stings you.
* * * LOW HITPOINT WARNING * * *
The killer bee stings you but does no damage.
You miss the killer bee.
The killer bee is almost dead.
The killer bee stings you but does no damage.
The killer bee closely misses you.
You miss the killer bee.
The killer bee is almost dead.
The killer bee stings you!
You die...

.# ## .# #. ..
#. .# #. .# .#
######.#.##y..#
#...........#
#.# #y# #@# #
#.# #.#####.#
#.......#
####.#### #.#
#.# #.#######
#.......#
#######.# #.#


You could see a killer bee.

Vanquished Creatures
  Grinder (D:4)
  Sigmund (D:3)
  3 ice beasts
  A sky beast (D:7)
  3 ogres
  A bullfrog (D:7)
  2 killer bees (D:8)
  A crimson imp (D:7)
  A hound (D:7)
  2 orc priests (D:7)
  Crazy Yiuf (D:5)
  2 bullfrog skeletons
  2 orc wizards (D:7)
  Jessica (D:2)
  An iguana (D:7)
  5 worker ants
  A hound skeleton (D:7)
  4 gnolls
  3 adders
  2 oozes
  A worm (D:5)
  6 dart slugs
  5 leopard geckos
  13 orcs
  9 bats
  5 giant cockroaches
  8 hobgoblins
  8 jackals
  6 kobolds
  4 quokkas
  4 ball pythons
  3 frilled lizards
  10 goblins
  7 rats
127 creatures vanquished.

Notes
Turn   | Place    | Note
-------+----------+-------------------------------------------
     0 | D:1      | Garrluk the Ogre Skald began the quest for the Orb.
     0 | D:1      | Reached XP level 1. HP: 22/22 MP: 3/3
   121 | D:1      | Reached skill level 2 in Maces & Flails
   169 | D:1      | Reached XP level 2. HP: 13/29 MP: 1/5
   875 | D:1      | Learned a level 2 spell: Song of Slaying
   878 | D:1      | Learned a level 2 spell: Shroud of Golubria
   886 | D:1      | Reached XP level 3. HP: 36/36 MP: 6/6
  1197 | D:2      | Noticed Jessica
  1204 | D:2      | Killed Jessica
  1206 | D:2      | Reached XP level 4. HP: 40/44 MP: 0/7
  1303 | D:2      | Reached skill level 3 in Maces & Flails
  1328 | D:2      | Found a glowing silver altar of Zin.
  2115 | D:3      | Noticed Sigmund
  2134 | D:2      | Reached XP level 5. HP: 27/50 MP: 8/8
  2196 | D:3      | Found a snail-covered altar of Cheibriados.
  2756 | D:3      | Killed Sigmund
  2756 | D:3      | Reached skill level 4 in Maces & Flails
  2756 | D:3      | Reached XP level 6. HP: 23/59 MP: 2/9
  3156 | D:3      | Learned a level 3 spell: Spectral Weapon
  3716 | D:4      | Found Pomaklap's Gadget Boutique.
  3724 | D:4      | Found Cijyips's Antique Armour Boutique.
  3767 | D:4      | Found a blossoming altar of Fedhas.
  3855 | D:4      | Reached skill level 5 in Maces & Flails
  4116 | D:4      | Found a radiant altar of Vehumet.
  4149 | D:4      | Noticed Grinder
  4153 | D:4      | Paralysed by Grinder for 4 turns
  4176 | D:4      | Killed Grinder
  4176 | D:4      | Reached skill level 5 in Charms
  4176 | D:4      | Reached XP level 7. HP: 10/66 MP: 5/10
  4874 | D:4      | Found a shadowy altar of Dithmenos.
  4876 | D:4      | You fall into a shaft and drop 1 floor!
  4876 | D:5      | Entered Level 5 of the Dungeon
  4888 | D:5      | Reached skill level 6 in Maces & Flails
  5106 | D:5      | Got a shimmering glass ring
  5107 | D:5      | Identified the ring "Kaumun" {rElec rC- rCorr Int+4 Slay+3}
                  | (You found it on level 5 of the Dungeon)
  5167 | D:5      | Found a white marble altar of Elyvilon.
  5269 | D:3      | Became a worshipper of Cheibriados the Contemplative
  5361 | D:4      | Found Lep Wyod's Weapon Shoppe.
  5433 | D:4      | Found an iron altar of Okawaru.
  5433 | D:4      | Found a sparkling altar of Nemelex Xobeh.
  5438 | D:4      | Found an ornate altar of the Wu Jian Council.
  5440 | D:4      | Found a shadowy altar of Dithmenos.
  5441 | D:4      | Found a glowing golden altar of the Shining One.
  5676 | D:5      | Found a runed translucent door.
  5677 | D:5      | Noticed Crazy Yiuf
  5687 | D:5      | Killed Crazy Yiuf
  6194 | D:6      | Reached XP level 8. HP: 13/74 MP: 8/11
  6608 | D:6      | Found a radiant altar of Vehumet.
  7042 | D:7      | Reached skill level 7 in Maces & Flails
  7298 | D:7      | Learned a level 3 spell: Ozocubu's Armour
  7569 | D:7      | Got an ichor-stained robe
  7588 | D:7      | Identified the +2 robe "Qyeh" {Dex+3} (You found it on
                  | level 7 of the Dungeon)
  7635 | D:7      | Reached * piety under Cheibriados
  7687 | D:7      | Found a staircase to the Ecumenical Temple.
  7767 | D:7      | Reached skill level 8 in Maces & Flails
  8036 | D:8      | Reached XP level 9. HP: 46/80 MP: 7/12
  8214 | D:8      | HP: 4/80 [killer bee (8)]
  8220 | D:8      | Slain by a killer bee

Illustrated notes

Levels and vault maps discovered:
D:1:      dpeg_arrival_pits, layout_loops_corners
D:2:      layout_loops_cross, nicolae_overflow_crystal_walls, first_ration,
          uniq_jessica
D:3:      layout_loops_ring, kennysheep_slug_shrine, minmay_cupped, uniq_sigmund
D:4:      layout_basic, chequers_temple_overflow_minitemple, fedhas_altar_1,
          vehumet_statue, serial_shops, kennysheep_little_box,
          nicolae_shop_trees, nicolae_shop_overgrown_old_shop,
          grunt_dithmenos_smoke_and_mirrors, uniq_grinder
D:5:      layout_cave_pools, lemuel_crystal_altar, uniq_crazy_yiuf_cottage
D:6:      layout_loops_corners, basic_altar, solitary_fountain,
          corexii_leaking_fountain
D:7:      layout_basic, temple_hall
D:8:      layout_loops_ring, lemuel_crystal_altar, dpeg_lair_monsters

Skill      XL: |  1  2  3  4  5  6  7  8 |
---------------+-------------------------+-----
Maces & Flails | 2 3 4 5 6 8 |  8.5
Charms         | 3 4 5 6 |  6.7
Fighting       | |  2.6
Dodging        | |  2.1
Spellcasting   | |  2.4

Action                   |  1- 3 |  4- 6 |  7- 9 || total
-------------------------+-------+-------+-------++-------
Melee: Mace              |    73 |    98 |    13 ||   184
       Whip              |       |   133 |       ||   133
       Flail             |       |       |    39 ||    39
       Morningstar       |       |       |   147 ||   147
Throw: Javelin           |       |    14 |    12 ||    26
 Cast: Infusion          |    10 |     6 |     2 ||    18
       Song of Slaying   |     1 |     4 |     4 ||     9
       Shroud of Golubri |       |    10 |     8 ||    18
       Spectral Weapon   |       |     1 |     1 ||     2
       Ozocubu's Armour  |       |       |     3 ||     3
Evoke: Wand              |       |       |     3 ||     3
  Use: Potion            |       |     1 |     1 ||     2
       Scroll            |       |       |     1 ||     1
 Stab: Sleeping          |     1 |     1 |       ||     2
  Eat: Chunk             |     1 |    11 |    13 ||    25
Armor: Robe              |    18 |    64 |   100 ||   182
Dodge: Dodged            |    40 |   104 |   153 ||   297
